 Dungeon Crawl Stone Soup version 0.29-a0-234-g0dae59b3db (webtiles) character file.

Game seed: 15467212597053159783

18911 spaghetti the Blocker (level 12, -1/109 HPs)
             Began as an Octopode Chaos Knight on Mar 4, 2022.
             Was a Plaything of Xom.
             Killed by divine providence
             ... invoked by a meliai
              (13 damage)
             ... on level 13 of the Dungeon.
             The game lasted 00:20:45 (11160 turns).

spaghetti the Blocker (Octopode Chaos Knight)      Turns: 11160, Time: 00:20:46

Health: -1/109     AC:  4    Str: 23    XL:     12   Next: 63%
Magic:  12/12      EV: 28    Int: 22    God:    Xom [.*....]
Gold:   2063       SH: 18    Dex: 31    Spells: 8/11 levels left

rFire   x x .      SeeInvis .   d - +8 war axe of Valuable Assets {spect, Fragile rF- rC+++, !w}
rCold   + + +      Faith    +   K - +2 kite shield {AC+3}
rNeg    . . .      Spirit   .   N - +0 hat
rPois   +          Reflect  .   o - amulet of faith {!P}
rElec   +          Harm     .   r - +6 ring of dexterity
rCorr   .          Rampage  .   g - +4 ring of evasion
Will    +....                   x - +6 ring of dexterity
Stlth   +++.......              C - ring "Godimm" {rElec Str+6}
HPRegen 0.28/turn               Q - +6 ring of intelligence
MPRegen 0.13/turn               m - ring of flight
                                w - ring of wizardry
                                A - ring "Zajixzia" {Ice Dex+4}

@: mighty, flying, unable to read
A: almost no armour, amphibious, 8 rings, camouflage 1, gelatinous body 1,
(nimble swimmer 1), tentacles, tentacle spike 2, clever 1, strong-willed 1,
poison resistance, robust 2, strong 2, inability to read while threatened,
MP-powered wands
a: Renounce Religion


You were on level 13 of the Dungeon.
You worshipped Xom.
You were a plaything of Xom.
You visited 1 branch of the dungeon, and saw 13 of its levels.
You visited the Abyss 1 time.
You also visited: Sewer.

You collected 2151 gold pieces.
You spent 88 gold pieces at shops.


Innate Abilities, Weirdness & Mutations

You cannot wear most types of armour.
You are amphibious.
You can wear up to eight rings at the same time.
Your skin changes colour to match your surroundings (Stealth+).
Your rubbery body absorbs attacks. (AC +1, EV +1)
((You are camouflaged when in or above water. (Stealth+)))
You have tentacles for arms and can constrict up to eight enemies at once.
One of your tentacles bears a nasty spike.
Your mind is acute. (Int +2)
You are strong-willed. (Will+)
Your system is resistant to poisons. (rPois)
You are very robust. (+20% HP)
Your muscles are very strong. (Str +4)
You sometimes lose the ability to read scrolls when taking damage.
You expend magic power (3 MP) to strengthen your wands.


   Skills:
 + Level 12.3 Fighting
 - Level 4.0(4.5) Axes
 - Level 3.0(4.0) Polearms
 - Level 10.8 Dodging
 + Level 12.4 Shields


You had 8 spell levels left.
You knew the following spells:

 Your Spells              Type           Power      Damage    Failure   Level
a - Call Canine Familiar  Summ           0%         N/A       36%         3

Your spell library contained the following spells:

 Spells                   Type           Power      Damage    Failure   Level
 Animate Skeleton         Necr           0%         N/A       13%         1
 Apportation              Tloc           0%         N/A       13%         1
 Summon Small Mammal      Summ           0%         N/A       13%         1
 Frozen Ramparts          Ice            0%         1d2       36%         3
 Summon Guardian Golem    Hex/Summ       0%         N/A       36%         3
 Ice Form                 Ice/Tmut       0%         N/A       75%         4
 Passage of Golubria      Tloc           0%         N/A       75%         4
 Summon Ice Beast         Ice/Summ       0%         N/A       75%         4
 Alistair's Intoxication  Tmut/Pois      0%         N/A       97%         5
 Borgnjor's Vile Clutch   Necr/Erth      0%         N/A       97%         5
 Silence                  Hex/Air        0%         N/A       97%         5
 Eringya's Noxious Bog    Tmut/Pois      0%         N/A       100%        6
 Lehudib's Crystal Spear  Conj/Erth      0%         10d2      100%        8

Inventory:

Hand Weapons
 d - the +8 war axe of Valuable Assets (weapon) {spect, Fragile rF- rC+++, !w}
   (You acquired it on level 1 of the Dungeon)

   When its wielder attacks, the weapon's spirit leaps out and strikes again.
   The spirit shares a part of any damage it takes with its wielder.
   rF:        It makes you vulnerable to fire.
   rC:        It renders you almost immune to cold.
   Fragile:   It will be destroyed if unequipped.
Missiles
 b - 299 stones (quivered) {throwing}
 c - a throwing net {=f!fthrowing}
 k - 14 boomerangs {throwing}
 u - 10 poisoned darts {throwing}
 G - 4 atropa-tipped darts {throwing}
 H - 6 silver boomerangs {throwing}
Armour
 K - a +2 kite shield of protection (worn)
   (You acquired it on level 6 of the Dungeon)
 N - a +0 hat (worn)
   (You took it off Gastronok on level 8 of the Dungeon)
Jewellery
 g - a +4 ring of evasion (right tentacle)
   (You found it on level 3 of the Dungeon)
 m - a ring of flight (on tentacle)
   (You found it on level 2 of the Dungeon)
 o - an amulet of faith (around mantle) {!P}
   (You found it on level 2 of the Dungeon)
 r - a +6 ring of dexterity (left tentacle)
   (You found it on level 4 of the Dungeon)
 w - a ring of wizardry (on tentacle)
   (You found it on level 11 of the Dungeon)
 x - a +6 ring of dexterity (on tentacle)
   (You found it on level 4 of the Dungeon)
 A - the ring "Zajixzia" (on tentacle) {Ice Dex+4}
   (Xom gifted it to you on level 11 of the Dungeon)

   [ring of ice]

   It enhances your ice magic.
   Dex:       It affects your dexterity (+4).
   rF:        It makes you vulnerable to fire.
   rC:        It protects you from cold.
 C - the ring "Godimm" (on tentacle) {rElec Str+6}
   (You acquired it on level 8 of the Dungeon)

   [ring of strength]

   Str:       It affects your strength (+6).
   rElec:     It insulates you from electricity.
 Q - a +6 ring of intelligence (on tentacle)
   (You found it on level 10 of the Dungeon)
Wands
 h - a wand of iceblast (4)
   (You found it on level 5 of the Dungeon)
 D - a wand of flame (23)
   (You took it off Dowan on level 5 of the Dungeon)
 P - a wand of charming (15)
   (You found it on level 9 of the Dungeon)
Scrolls
 i - 3 scrolls of noise {!r}
 l - a scroll of immolation {!r!r}
 q - a scroll of holy word
 t - 5 scrolls of fog
 y - 2 scrolls of enchant weapon
 z - 2 scrolls of identify {@r1}
 B - a scroll of magic mapping {!r}
 E - 2 scrolls of torment {!r}
 J - 3 scrolls of teleportation {@r4}
Potions
 e - a potion of flight
 n - 2 potions of lignification {!q}
 p - 2 potions of brilliance
 s - a potion of cancellation
 F - 2 potions of mutation {!q}
 I - a potion of magic
Miscellaneous
 a - a condenser vane (inert)
   (You found it on level 10 of the Dungeon)
 R - a box of beasts
   (You found it on level 10 of the Dungeon)

Dungeon Overview and Level Annotations

Branches:
Dungeon (13/15)            Temple (0/1) D:6            Lair (0/6) D:10
    Orc (0/2) D:11          Sewer (visited)
 Vaults: D:13-14

Altars:
Dithmenos
Elyvilon
Fedhas
Makhleb
Qazlal
Uskayaw
Wu Jian
Xom
Zin
Beogh

Shops:
D:5 !   D:10 (   D:11 (

Annotations:
D:12 1 runed translucent door, Bezofud's ghost, journeyman TrWr ...#$... #.# ...###.. .. .#........ .. ........# ##.# .......# ...# ....#.. #zy

...##.. ##p## .#.#
##.##.. #yy@#
.#.####.#...
#§†y#y†.#...#...)...#.
##c ##W###.###..).####
#y ..#...#.#.#))# yl
#.C..#.##....### ## ##
##.T.#.#.......#
#y.C#.....#........#
#.y§...###..†)...#
##y#.#.#.#.......#


You could see a death knight, a skeletal warrior, a centaur warrior (confused,
very poisoned), a cyclops (confused), a troll, a wraith, a wyvern, a meliai and
6 killer bees.


Message History

The killer bee closely misses the skeletal warrior.
The killer bee stings itself.
The killer bee closely misses something.
Your iron imp hits the boulder beetle but does no damage.
The killer bee closely misses your iron imp.
The killer bee stings your iron imp. Something stings your iron imp.
Your iron imp dies!
Your iron imp disappears in a puff of smoke!
You hear an angry buzzing noise.
The killer bee buzzes angrily.
You slice the killer bee!!
You kill the killer bee!
You slash the killer bee!
You kill the killer bee!
You barely miss the killer bee.
Your +8 war axe of Valuable Assets {spect, Fragile rF- rC+++, !w} hits the killer bee!
You hear an angry buzzing noise. x4
Your iron imp is smitten.
Your iron imp dies!
Your iron imp disappears in a puff of smoke!
The killer bee buzzes around in tight circles.
The killer bee barely misses the killer bee.
Xom thinks this is hilarious!
The killer bee stings itself.
You block the killer bee's attack.
A wyvern comes into view.
A meliai comes into view. It is wielding a +0 war axe.
Something barely misses the killer bee.
A killer bee comes into view.
You block the killer bee's attack.
A troll comes into view.
The killer bee misses your +8 war axe of Valuable Assets {spect, Fragile rF- rC+++, !w}.
The killer bee barely misses the skeletal warrior.
The skeletal warrior misses you.
The cyclops barely misses the killer bee.
The boulder beetle leaps!
The killer bee barely misses the wyvern.
Something stings the killer bee.
The killer bee is poisoned.
Something poisons the killer bee!
The meliai moves out of view.
You hear an angry buzzing noise. x2 😨 HP[+1]
You closely miss the death knight. You grab the death knight.
You pierce the death knight!
You squeeze the death knight. You closely miss the killer bee.
Your +8 war axe of Valuable Assets {spect, Fragile rF- rC+++, !w} hits the killer bee!!
You kill the killer bee!
Your +8 war axe of Valuable Assets {spect, Fragile rF- rC+++, !w} hits the killer bee!
You constrict the death knight.
You hear an angry buzzing noise. x2
The killer bee completely misses your +8 war axe of Valuable Assets {spect, Fragile rF- rC+++, !w}.
The killer bee stings the death knight but does no damage.
A killer bee comes into view.
The killer bee closely misses something.
The killer bee stings the centaur warrior.
The killer bee stings itself.
The killer bee stings your +8 war axe of Valuable Assets {spect, Fragile rF- rC+++, !w} but does no damage.
The killer bee stings your +8 war axe of Valuable Assets {spect, Fragile rF- rC+++, !w}.
Your spectral weapon shares its damage with you!
* * * LOW HITPOINT WARNING * * *
The centaur warrior hits something.
The centaur warrior kicks something.
The killer bee misses your +8 war axe of Valuable Assets {spect, Fragile rF- rC+++, !w}.
The killer bee stings the death knight.
The meliai invokes the aid of its god against you.
Something smites you!
* * * LOW HITPOINT WARNING * * *
You block the death knight's attack.
The death knight barely misses your +8 war axe of Valuable Assets {spect, Fragile rF- rC+++, !w}.
You block the skeletal warrior's attack.
The killer bee closely misses your +8 war axe of Valuable Assets {spect, Fragile rF- rC+++, !w}.
The killer bee stings your +8 war axe of Valuable Assets {spect, Fragile rF- rC+++, !w}.
The centaur warrior hits the killer bee!
The killer bee is killed!
The killer bee misses your +8 war axe of Valuable Assets {spect, Fragile rF- rC+++, !w}.
The meliai calls upon its god to heal the killer bee.
The killer bee's wounds heal themselves!
You block the death knight's attack.
The death knight hits your +8 war axe of Valuable Assets {spect, Fragile rF- rC+++, !w} with a +0 battleaxe.
Your spectral weapon shares its damage with you!
* * * LOW HITPOINT WARNING * * *
The skeletal warrior completely misses you.
A wraith comes into view.
You hear an angry buzzing noise. 😱 HP[-17]
You take 17 damage, and now have 14/109 hp.
Unknown command.
You cannot read scrolls in your current state!
You feel better.
You constrict the death knight, but do no damage.
You hear an angry buzzing noise.
The killer bee buzzes angrily.
You block the killer bee's attack.
The meliai mumbles some strange prayers to its god against you.
Something smites you!
* * * LOW HITPOINT WARNING * * *
The centaur warrior hits the killer bee.
The centaur warrior kicks the killer bee.
The killer bee closely misses you. The killer bee completely misses you.
Something barely misses the killer bee.
The meliai mumbles some strange prayers to its god against you.
Something smites you!
You die...
Xom roars with laughter!

Skill      XL: |  1  2  3  4  5  6  7  8  9 10 11 12 |
---------------+-------------------------------------+-----
Axes           | 1 2 3 4 |  4.0
Dodging        | 3 4 6 8 10 | 10.8
Shields        | 6 9 11 12 | 12.4
Fighting       | 5 8 11 12 | 12.3
Polearms       | |  3.0

Action                   |  1- 3 |  4- 6 |  7- 9 | 10-12 || total
-------------------------+-------+-------+-------+-------++-------
Melee: Spear             |    10 |       |       |       ||    10
       War axe           |    39 |    35 |    90 |   175 ||   339
       Constrict         |     8 |     6 |    25 |    39 ||    78
       Tentacles         |     4 |     3 |    19 |    54 ||    80
       Kick              |       |       |    27 |    66 ||    93
       Punch             |       |       |     1 |     4 ||     5
Throw: Stone             |       |     4 |     3 |       ||     7
Evoke: Wand              |       |       |     2 |     1 ||     3
       Box of beasts     |       |       |       |     1 ||     1
       Condenser vane    |       |       |       |     1 ||     1
  Use: Scroll            |     4 |     3 |     9 |     5 ||    21
       Potion            |       |     4 |     3 |    11 ||    18
 Stab: Sleeping          |    14 |     3 |    11 |    10 ||    38
       Distracted        |       |     1 |       |     3 ||     4
Armor: Skin              |     1 |     2 |     2 |    18 ||    23
Dodge: Dodged            |    21 |    23 |    59 |   210 ||   313
Block: Kite shield       |       |       |    12 |   215 ||   227

Levels and vault maps discovered:
D:1:      minmay_arrival_radiant_lines, layout_loops_corners,
          minmay_crystal_water, due_unseen_surprise
D:2:      layout_basic
D:3:      layout_basic, nicolae_overflow_ecumenical_swirl,
          mainiacjoe_overflow_24_doors, shapermc_ecumenical_altar_venn
D:4:      layout_loops_cross, mainiacjoe_overflow_paths, grunt_dithmenos_smoke,
          lightli_temple_of_fire, zin_academy, minmay_misc_feat_cross,
          kennysheep_big_empty_room, kennysheep_generic_room_8
D:5:      layout_rooms, serial_shops, kennysheep_mini_moat, uniq_duvessa
D:6:      layout_cave_pools, mainiacjoe_overflow_alcove_4,
          minmay_temple_entry_nine_rooms, gup_sewer_entry_bubbles,
          uniq_crazy_yiuf_cottage
D:7:      layout_basic
D:8:      layout_layer_cave, special_room [special_room_orc], st_stairs_10,
          minmay_misc_feat_tiny, minmay_stone_trees_medium, uniq_gastronok
D:9:      layout_basic
D:10:     layout_roguey, fedhas_altar_1, lair_entry_dummy, serial_shops,
          nicolae_lakefront_shop, minmay_diamond_spiral, uniq_josephine
D:11:     layout_roguey, minmay_orc_entry_temple_small, serial_shops, shop
D:12:     layout_rooms, ebering_ghost_xom
D:13:     hangedman_what_comes_after_a, layout_rooms,
          hangedman_vaults_entry_quadrant_bands

Notes
Turn   | Place    | Note
-------+----------+-------------------------------------------
     0 | D:1      | spaghetti the Octopode Chaos Knight began the quest for the
                  | Orb.
     0 | D:1      | Reached XP level 1. HP: 16/16 MP: 1/1
     0 | D:1      | magus.rc [v1.9.6]
    43 | D:1      | You add the spells Alistair's Intoxication, Borgnjor's Vile
                  | Clutch and Eringya's Noxious Bog to your library.
    64 | D:1      | XOM: silly message
    97 | D:1      | XOM: noise
   225 | D:1      | XOM: stat loss: -1 Dex (10/11)
   270 | D:1      | You pick up a book of Cantrips and begin reading...
   270 | D:1      | You add the spells Animate Skeleton, Summon Small Mammal
                  | and Apportation to your library.
   325 | D:1      | Identified a scroll of acquirement
   325 | D:1      | Acquired the +8 war axe of Valuable Assets {spect, Fragile
                  | rF- rC+++}
   376 | D:1      | XOM: 7-stop teleportation journey
   381 | D:1      | Reached skill level 1 in Axes
   381 | D:1      | Reached XP level 2. HP: 21/21 MP: 2/2
   964 | D:2      | Reached skill level 2 in Axes
   966 | D:2      | Reached XP level 3. HP: 23/26 MP: 3/3
   979 | D:2      | XOM: silly message
  1002 | D:2      | XOM: summons 2 hostile demons
  1017 | D:2      | XOM: 1-stop teleportation journey
  1114 | D:2      | XOM: silly message
  1441 | D:2      | Reached skill level 3 in Axes
  1634 | D:3      | You pick up a book of Callings and begin reading...
  1634 | D:3      | You add the spells Call Canine Familiar and Summon Guardian
                  | Golem to your library.
  1651 | D:3      | Found a white marble altar of Elyvilon.
  1773 | D:3      | Reached XP level 4. HP: 31/31 MP: 4/4
  1780 | D:3      | HP: 7/31 [gnoll/+0 halberd (11)]
  1786 | D:3      | Found a faded altar of an unknown god.
  1795 | D:3      | HP: 6/31 [frilled lizard (2)]
  1798 | D:2      | HP: 1/31 [frilled lizard (2)]
  1893 | D:2      | XOM: god gift: club {god gift}
  1945 | D:2      | XOM: summons 3 hostile demons
  1965 | D:3      | Reached skill level 4 in Axes
  2083 | D:3      | Found a faded altar of an unknown god.
  2088 | D:3      | Found an ornate altar of the Wu Jian Council.
  2128 | D:3      | XOM: god gift: short sword {god gift}
  2255 | D:4      | Found a shadowy altar of Dithmenos.
  2361 | D:4      | Reached skill level 3 in Dodging
  2361 | D:4      | Reached XP level 5. HP: 36/36 MP: 5/5
  2467 | D:4      | Found a glowing silver altar of Zin.
  2562 | D:4      | Found a burning altar of Makhleb.
  2607 | D:4      | Found a stormy altar of Qazlal.
  2612 | D:4      | Noticed a phantom
  2614 | D:4      | XOM: summons friendly hellwing
  2617 | D:4      | Killed a phantom
  2618 | D:4      | Reached skill level 4 in Dodging
  2737 | D:4      | Identified the +9 dagger of the Gazing Visionary {vorpal,
                  | Str+4}
  2906 | D:4      | XOM: give mutations
  2906 | D:4      | Gained mutation: You are weak. (Str -2) [Xom's mischief]
  2906 | D:4      | Gained mutation: You are frail. (-10% HP) [Xom's mischief]
  2906 | D:4      | Gained mutation: Your body sometimes deteriorates upon
                  | taking damage. [Xom's mischief]
  2906 | D:4      | Gained mutation: Your body often deteriorates upon taking
                  | damage. [Xom's mischief]
  2909 | D:4      | Reached XP level 6. HP: 37/37 MP: 6/6
  2910 | D:4      | Lost mutation: You are weak. (Str -2) [potion of mutation]
  2910 | D:4      | Lost mutation: You are frail. (-10% HP) [potion of
                  | mutation]
  2910 | D:4      | Gained mutation: Your flesh is heat resistant. (rF+)
                  | [potion of mutation]
  2910 | D:4      | Gained mutation: Your magical capacity is low. (-10% MP)
                  | [potion of mutation]
  2910 | D:4      | Gained mutation: You are strong-willed. (Will+) [potion of
                  | mutation]
  2910 | D:4      | Gained mutation: Your spells are a little harder to cast,
                  | but a little more powerful. [potion of mutation]
  3096 | D:5      | Entered Level 5 of the Dungeon
  3161 | D:5      | Reached skill level 5 in Dodging
  3173 | D:5      | XOM: summons friendly shadow imp
  3223 | D:5      | Reached skill level 6 in Dodging
  3223 | D:5      | Reached XP level 7. HP: 46/46 MP: 6/6
  3243 | D:5      | Found Detiuzy's Distillery.
  3246 | D:5      | Bought a potion of mutation for 88 gold pieces
  3246 | D:5      | Lost mutation: Your body often deteriorates upon taking
                  | damage. [potion of mutation]
  3246 | D:5      | Lost mutation: Your flesh is heat resistant. (rF+) [potion
                  | of mutation]
  3246 | D:5      | Gained mutation: Your muscles are strong. (Str +2) [potion
                  | of mutation]
  3246 | D:5      | Gained mutation: You expend magic power (3 MP) to
                  | strengthen your wands. [potion of mutation]
  3284 | D:5      | XOM: give mutations
  3284 | D:5      | Gained mutation: One of your tentacles bears a spike.
                  | [Xom's grace]
  3284 | D:5      | Gained mutation: Your mind is acute. (Int +2) [Xom's grace]
  3284 | D:5      | Gained mutation: You are robust. (+10% HP) [Xom's grace]
  3284 | D:5      | Gained mutation: Your system is resistant to poisons.
                  | (rPois) [Xom's grace]
  3300 | D:5      | XOM: divination: detect creatures
  3347 | D:5      | Noticed Duvessa
  3350 | D:5      | Noticed Dowan
  3353 | D:5      | Killed Duvessa
  3357 | D:5      | Killed Dowan
  3358 | D:5      | Reached skill level 7 in Dodging
  3361 | D:5      | XOM: cast spell 'Summon Mana Viper'
  3463 | D:5      | XOM: give mutations
  3463 | D:5      | Gained mutation: Your magical capacity is very low. (-20%
                  | MP) [Xom's mischief]
  3463 | D:5      | Gained mutation: You sometimes lose the ability to read
                  | scrolls when taking damage. [Xom's mischief]
  3463 | D:5      | Lost mutation: Your body sometimes deteriorates upon taking
                  | damage. [Xom's mischief]
  3488 | D:5      | XOM: summons 3 hostile shadow creatures
  3583 | D:5      | XOM: noise
  3589 | D:5      | Reached skill level 8 in Dodging
  3589 | D:5      | Reached XP level 8. HP: 57/57 MP: 6/6
  3630 | D:6      | Noticed a troll
  3630 | D:6      | a black bear changed into a troll
  3630 | D:6      | XOM: polymorph black bear -> troll
  3633 | D:6      | Killed a troll
  3634 | D:6      | Reached skill level 9 in Dodging
  3719 | D:6      | You fall into a shaft and drop 1 floor!
  3719 | D:7      | XOM: noise
  3808 | D:7      | XOM: summons friendly white imp
  3809 | D:7      | Reached skill level 10 in Dodging
  4130 | D:6      | Reached XP level 9. HP: 61/61 MP: 7/7
  4187 | D:6      | XOM: scenery: 2 doors open
  4193 | D:6      | Found a hide-covered altar of Uskayaw.
  4239 | D:6      | Found a glowing drain.
  4280 | D:6      | XOM: god gift: 6 silver boomerangs
  4321 | Sewer    | Entered a sewer
  4349 | Sewer    | XOM: destruction
  4356 | Sewer    | XOM: divination: magic mapping
  4403 | Sewer    | XOM: 4-stop teleportation journey
  4779 | D:6      | Acquired a +1 kite shield of protection
  4867 | D:6      | XOM: scenery: create altars
  4872 | D:6      | Reached skill level 1 in Shields
  4918 | D:6      | XOM: god gift: 1190 gold pieces
  4931 | D:6      | Found a staircase to the Ecumenical Temple.
  4978 | D:6      | Reached skill level 2 in Shields
  5029 | D:6      | Reached skill level 3 in Shields
  5119 | D:6      | Found a runed translucent door.
  5120 | D:6      | Noticed Crazy Yiuf
  5127 | D:6      | Killed Crazy Yiuf
  5219 | D:7      | XOM: give mutations
  5219 | D:7      | Gained mutation: You are very robust. (+20% HP) [Xom's
                  | grace]
  5219 | D:7      | Gained mutation: Your muscles are very strong. (Str +4)
                  | [Xom's grace]
  5219 | D:7      | Gained mutation: You are somewhat resistant to further
                  | mutation. [Xom's grace]
  5223 | D:7      | XOM: 5-stop teleportation journey
  5379 | D:7      | XOM: scenery: summon butterflies
  5413 | D:8      | XOM: scenery: summon butterflies
  5416 | D:8      | XOM: destruction
  5419 | D:8      | Reached skill level 4 in Shields
  5570 | D:8      | Noticed Gastronok
  5574 | D:8      | XOM: scenery: create altars
  5578 | D:8      | XOM: fake destruction
  5579 | D:8      | Killed Gastronok
  5580 | D:8      | Reached skill level 5 in Fighting
  5580 | D:8      | Reached skill level 6 in Shields
  5580 | D:8      | Reached XP level 10. HP: 68/81 MP: 8/8
  5693 | D:8      | You are cast into the Abyss!
  5693 | D:8      | Cast into level 2 of the Abyss (orc wizard)
  5788 | Abyss:3  | Noticed a thrashing horror
  5834 | Abyss:3  | Noticed a smoke demon
  5836 | Abyss:3  | XOM: confusion (+ monsters)
  5916 | Abyss:3  | XOM: confusion (+ monsters)
  5975 | Abyss:3  | Noticed a rakshasa
  5978 | Abyss:3  | Noticed a shard shrike skeleton
  5979 | Abyss:3  | XOM: potion effect (curing)
  5979 | Abyss:3  | Noticed a sixfirhy
  5988 | D:8      | You pass through the gate.
  5988 | D:8      | Escaped the Abyss
  5999 | D:8      | Reached skill level 6 in Fighting
  6027 | D:8      | XOM: stat loss: -1 Int (15/16)
  6251 | D:8      | XOM: silly message
  6750 | D:8      | XOM: divination: magic mapping
  6760 | D:8      | Acquired the ring "Godimm" {rElec Str+6}
  6816 | D:8      | Reached skill level 7 in Shields
  6859 | D:8      | XOM: silly message
  6877 | D:8      | XOM: silly message
  7093 | D:8      | XOM: cloud trail
  7242 | D:9      | XOM: cast spell 'Cause Fear'
  7252 | D:9      | Reached skill level 7 in Fighting
  7288 | D:9      | XOM: divination: magic mapping
  7458 | D:9      | XOM: silly message
  7783 | D:9      | XOM: 1-stop teleportation journey
  7978 | D:9      | XOM: give mutations
  7978 | D:9      | Lost mutation: Your magical capacity is very low. (-20% MP)
                  | [Xom's mischief]
  7978 | D:9      | Lost mutation: You are somewhat resistant to further
                  | mutation. [Xom's mischief]
  7978 | D:9      | Lost mutation: Your spells are a little harder to cast, but
                  | a little more powerful. [Xom's mischief]
  8048 | D:9      | XOM: noise
  8107 | D:10     | Entered Level 10 of the Dungeon
  8160 | D:10     | Found a blossoming altar of Fedhas.
  8282 | D:10     | Found a staircase to the Lair.
  8282 | D:10     | XOM: 8-stop teleportation journey
  8393 | D:10     | XOM: summons 1 hostile shadow creature
  8399 | D:10     | Noticed a purple ugly thing
  8405 | D:10     | Killed a purple ugly thing
  8406 | D:10     | Reached skill level 8 in Fighting
  8406 | D:10     | Reached skill level 8 in Shields
  8434 | D:10     | Noticed a cyclops
  8439 | D:10     | XOM: swap monsters
  8441 | D:10     | Killed a cyclops
  8470 | D:10     | Noticed a centaur warrior
  8578 | D:10     | Killed a centaur warrior
  8579 | D:10     | Reached skill level 9 in Shields
  8579 | D:10     | Reached XP level 11. HP: 69/93 MP: 9/9
  8579 | D:10     | XOM: noise
  8614 | D:10     | Noticed a green ugly thing
  8619 | D:10     | Killed a green ugly thing
  8620 | D:10     | Reached skill level 9 in Fighting
  8939 | D:10     | Found Qog Lyal's Weapon Emporium.
  8943 | D:10     | Noticed Josephine
  8943 | D:10     | XOM: 3-stop teleportation journey
  9217 | D:9      | XOM: give mutations
  9217 | D:9      | Lost mutation: Your magical capacity is low. (-10% MP)
                  | [Xom's grace]
  9217 | D:9      | Gained mutation: One of your tentacles bears a nasty spike.
                  | [Xom's grace]
  9240 | D:10     | Killed Josephine
  9376 | D:11     | Noticed a red ugly thing
  9383 | D:11     | Killed a red ugly thing
  9384 | D:11     | Reached skill level 10 in Shields
  9477 | D:11     | Noticed a tengu warrior
  9481 | D:11     | Killed a tengu warrior
  9482 | D:11     | Reached skill level 10 in Fighting
  9533 | D:11     | Found Wioxkina's Weapon Shop.
  9768 | D:11     | Found a staircase to the Orcish Mines.
  9862 | D:11     | Learned a level 3 spell: Call Canine Familiar
  9911 | D:11     | Identified the ring "Zajixzia" {Ice Dex+4} (Xom gifted it
                  | to you on level 11 of the Dungeon)
  9911 | D:11     | XOM: god gift: ring "Zajixzia" {Ice Dex+4}
 10210 | D:12     | Noticed a manticore
 10215 | D:12     | Killed a manticore
 10218 | D:12     | XOM: smoke on damage
 10219 | D:12     | Reached skill level 11 in Shields
 10221 | D:12     | HP: 20/98 [komodo dragon (10)]
 10225 | D:12     | Reached skill level 11 in Fighting
 10225 | D:12     | Reached XP level 12. HP: 28/108 MP: 12/12
 10257 | D:12     | XOM: cloud trail
 10520 | D:12     | Identified the +7 quarterstaff "Rinilut" {vorpal, *Noise
                  | rElec Str+3 Dex+3}
 10526 | D:12     | Found a runed translucent door.
 10527 | D:12     | Found a shimmering altar of Xom.
 10527 | D:12     | Noticed Bezofud's ghost (journeyman TrWr)
 10593 | D:12     | You pick up a book of the Moon and begin reading...
 10593 | D:12     | You add the spells Passage of Golubria, Silence and
                  | Lehudib's Crystal Spear to your library.
 10810 | D:12     | You pick up a book of Rime and begin reading...
 10810 | D:12     | You add the spells Frozen Ramparts, Ice Form and Summon Ice
                  | Beast to your library.
 11012 | D:13     | You pick up a book of the Moon and begin reading...
 11054 | D:13     | Noticed a centaur warrior
 11060 | D:13     | XOM: summons friendly white imp
 11062 | D:13     | Killed a centaur warrior
 11139 | D:13     | Noticed a centaur warrior
 11142 | D:13     | XOM: noise
 11143 | D:13     | Noticed a death knight
 11143 | D:13     | XOM: swap monsters
 11143 | D:13     | Noticed a death knight
 11144 | D:13     | Noticed a centaur warrior
 11144 | D:13     | XOM: silly message
 11144 | D:13     | Noticed a centaur warrior
 11147 | D:13     | Killed a centaur warrior
 11150 | D:13     | XOM: confusion (+ monsters)
 11150 | D:13     | Killed a centaur warrior
 11150 | D:13     | XOM: butterfly on damage
 11151 | D:13     | Reached skill level 12 in Fighting
 11151 | D:13     | Reached skill level 12 in Shields
 11151 | D:13     | Noticed a boulder beetle
 11152 | D:13     | Killed a death knight
 11152 | D:13     | XOM: summons 2 friendly demons
 11159 | D:13     | HP: 16/109 [meliai/divine providence (13)]
 11160 | D:13     | Killed from afar by a meliai

Vanquished Creatures
  Gastronok (D:8)
  Josephine (D:10)
  A death knight (D:13)
  4 centaur warriors
  A tengu warrior (D:11)
  3 ugly things
  3 cyclopes
  A manticore (D:12)
  A gargoyle (D:12)
  2 komodo dragons (D:12)
  An ancient zyme (Abyss:3)
  A tengu conjurer (D:12)
  3 trolls
  3 slime creatures (D:12)
  3 wyverns
  2 vampires
  A basilisk (D:13)
  4 yaks
  6 wraiths
  3 vampire mosquitoes (D:13)
  2 steam dragons
  A golden eye (shapeshifter) (D:13)
  3 acid dragons
  Duvessa (D:5)
  A water moccasin (D:8)
  3 ice beasts
  9 orc warriors
  A black bear (D:7)
  2 ogres
  13 centaurs
  A phantom (D:4)
  2 bullfrogs
  3 necrophages
  A scorpion (D:4)
  2 gnoll sergeants
  4 wights (D:8)
  Dowan (D:5)
  19 killer bees (D:13)
  2 howler monkeys (D:13)
  2 hounds
  A jelly (D:6)
  6 orc priests
  Crazy Yiuf (D:6)
  10 orc wizards
  3 iguanas
  9 gnolls
  9 adders
  4 river rats (Sewer)
  A shadow imp (D:7)
  3 white imps
  3 ufetubi
  3 worms
  3 dart slugs
  40 orcs
  4 endoplasms
  2 giant cockroaches (D:1)
  4 hobgoblins
  11 jackals
  8 kobolds
  5 quokkas
  10 ball pythons
  3 bats
  7 frilled lizards
  2 goblins
  13 rats
283 creatures vanquished.

Vanquished Creatures (collateral kills)
  An ogre (D:5)
  A centaur (D:13)
  2 orcs (D:5)
4 creatures vanquished.

Vanquished Creatures (others)
  A kobold brigand (Sewer)
  An orc (D:12)
  3 fungi (D:6)
  16 plants (Sewer)
21 creatures vanquished.

Grand Total: 308 creatures vanquished

Table legend:
 A = Non-vault XP
 B = Vault XP
 C = Vault XP percentage of total XP
 D = Non-vault monster count
 E = Vault monster count
 F = Vault count percentage of total count
                 A         B        C        D         E       F
            +---------+---------+-------+---------+---------+-------
      Total |   14819 |   12197 |  45.1 |     187 |     101 |  35.1
            +---------+---------+-------+---------+---------+-------
        D:1 |      26 |       0 |   0.0 |      16 |       0 |   0.0
        D:2 |      49 |       0 |   0.0 |      18 |       0 |   0.0
        D:3 |      81 |       0 |   0.0 |      11 |       0 |   0.0
        D:4 |     235 |       0 |   0.0 |      17 |       0 |   0.0
        D:5 |     721 |     216 |  23.1 |      19 |       2 |   9.5
        D:6 |     947 |      63 |   6.2 |      14 |       7 |  33.3
        D:7 |     543 |       0 |   0.0 |       6 |       0 |   0.0
        D:8 |     873 |    2253 |  72.1 |      16 |      27 |  62.8
        D:9 |    1258 |    1053 |  45.6 |      17 |       5 |  22.7
       D:10 |     619 |    3439 |  84.7 |       4 |       5 |  55.6
       D:11 |    2585 |     614 |  19.2 |       8 |       8 |  50.0
       D:12 |    3996 |       0 |   0.0 |      27 |       0 |   0.0
       D:13 |    2886 |    4406 |  60.4 |      13 |      24 |  64.9
    Abyss:3 |       0 |       0 |   N/A |       1 |       0 |   0.0
      Sewer |       0 |     153 | 100.0 |       0 |      23 | 100.0
            +---------+---------+-------+---------+---------+-------

Illustrated notes

Table legend:
 A = Kills in this place as a percentage of kills in entire the game.
 B = Kills by you in this place as a percentage of kills by you in the entire game.
 C = Kills by friends in this place as a percentage of kills by friends in the entire game.
 D = Other kills in this place as a percentage of other kills in the entire game.
 E = Experience gained in this place as a percentage of experience gained in the entire game.
 F = Experience gained in this place divided by the number of levels of this place that you have seen.
                   A       B       C       D       E      F
               +-------+-------+-------+-------+-------+----------------------
         Total | 100.0 | 100.0 | 100.0 | 100.0 | 100.0 | 1688.5
       Dungeon |  91.7 |  91.7 | 100.0 |  87.5 |  99.4 | 2066.4
         Abyss |   0.3 |   0.4 |   0.0 |   0.0 |   0.0 |   0.0
         Sewer |   8.0 |   8.0 |   0.0 |  12.5 |   0.6 | 153.0
               +-------+-------+-------+-------+-------+----------------------

Table legend: (Time is in decaauts)
 A = Elapsed time spent in this place.
 B = Non-inter-level travel time spent in this place.
 C = Inter-level travel time spent in this place.
 D = Time resting spent in this place.
 E = Time spent auto-exploring this place.
 F = Levels seen in this place.
 G = Mean time per level.
                   A        B        C        D        E       F      G
               +--------+--------+--------+--------+--------+-----+--------+
         Total |  11281 |  10856 |    425 |   1271 |   7964 |  16 |  705.1 |
       Dungeon |  10521 |  10096 |    425 |   1271 |   7425 |  13 |  809.3 |
         Abyss |    296 |    296 |      0 |      0 |    182 |   2 |  148.0 |
         Sewer |    463 |    463 |      0 |      0 |    357 |   1 |  463.0 |
               +--------+--------+--------+--------+--------+-----+--------+

Top non-repeatable levels by time:
     D:8: 1432 daAuts
     D:9: 1261 daAuts
    D:10: 986 daAuts
     D:1: 955 daAuts
    D:11: 885 daAuts
     D:4: 876 daAuts
     D:2: 812 daAuts
     D:6: 809 daAuts
    D:12: 707 daAuts
     D:7: 552 daAuts
     D:5: 516 daAuts
     D:3: 471 daAuts
   Sewer: 463 daAuts
    D:13: 255 daAuts
 Abyss:3: 212 daAuts
